[Event "44th Chess Olympiad Open 2022"]
[Site "Chennai"]
[Date "2022.08.08"]
[Round "10.36"]
[White "Nassr, Ali"]
[Black "Kantans, Toms"]
[Result "0-1"]
[ECO "A48"]
[WhiteElo "2263"]
[BlackElo "2486"]
[Annotator "TA"]
[PlyCount "132"]
[EventDate "2022.07.29"]
[EventType "team-tourn"]
[EventCountry "IND"]
[SourceTitle "playchess.com"]
[Source "ChessBase"]
[SourceQuality "1"]
[WhiteTeam "Algeria"]
[BlackTeam "Latvia"]
[WhiteTeamCountry "ALG"]
[BlackTeamCountry "LAT"]
[TimeControl "40/5400+30:1800+30"]

1. d4 Nf6 2. Bf4 g6 3. Nf3 Bg7 4. e3 d6 5. h3 O-O 6. Be2 c5 7. c3 cxd4 8. exd4 Qb6 9. Qb3 {[%emt 0:01:58] A48: 1 d4 Nf6 2 Nf3 g6: Torre, London and Colle Systems.} Qc7 10. O-O Nc6 11. Nbd2 {[%emt 0:03:15] The position is equal.} e5 12. dxe5 dxe5 13. Bh2 Be6 14. Qa4 a6 15. Ne4 (15. Rad1 $11) 15... Nxe4 $15 16. Qxe4 f5 17. Qc2 {[%emt 0:00:54] [#]} Bf6 $146 {[%emt 0:01:11] Against Ng5} ({Predecessor:} 17... h6 18. Rfe1 Qf7 19. Nd2 Rfd8 20. b3 b5 21. a4 Rac8 22. axb5 axb5 23. Bf1 e4 24. Rac1 Nb4 25. Qb2 Nd3 26. Bxd3 Rxd3 {0-1 (26) Nassr,A (2232)-Howell,D (2640) Chess.com INT 2020}) 18. Rfe1 Rac8 19. Qa4 Qf7 20. Nd2 Rfd8 21. Rad1 e4 (21... Bxa2 $2 22. b3 Bxb3 23. Qxb3 (23. Nxb3 Kg7 $18) 23... Qxb3 24. Nxb3 $16) 22. Bc4 ({White should play} 22. Bf1 $15) 22... Bxc4 $1 $17 23. Qxc4 b5 24. Qxf7+ Kxf7 25. Bf4 g5 26. Bh2 (26. Be3 $142) 26... b4 $1 27. Nc4 bxc3 ({And not} 27... Rxd1 28. Rxd1 Rd8 29. Rxd8 Bxd8 30. Ne5+ Nxe5 31. Bxe5 $15) 28. bxc3 Bxc3 29. Rf1 Bb4 30. Rb1 f4 31. g3 Rd3 {[%emt 0:11:49] Black is more active.} (31... f3 $17 {And now ...Bc5 would win.} 32. g4 Bc5) 32. gxf4 $11 gxf4 (32... Rxh3 $2 33. Rxb4 $1 Nxb4 34. Nd6+ Ke6 35. Nxc8 $18) 33. Bxf4 Rxh3 34. Bg3 {[%emt 0:02:44][%cal Ob1b4] Black must now prevent Rxb4!} Rh6 35. Rfc1 Rg8 $36 {[%emt 0:07:25][%mdl 2048] White is under pressure.} 36. Kg2 Re6 37. a3 Be7 38. Rb6 Nd4 {[%emt 0:01:58] Hoping for ...Rxb6.} 39. Rxe6 Nxe6 40. Ne5+ (40. Kf1 $11 {remains equal.}) 40... Kf6 $17 41. Nd7+ Kf5 42. Rc6 (42. Rh1 $17) 42... a5 (42... Bxa3 43. Rxa6 Bb4 44. Rb6 $17) (42... Nf4+ $1 $19 43. Kh2 Rg6 44. Rxg6 hxg6) 43. Ra6 Bd8 $1 44. Rc6 (44. Kf1 $17) 44... Bc7 $19 45. Nc5 (45. Rc4 $142) 45... Bxg3 46. fxg3 {[%emt 0:00:15][%mdl 4096] Endgame KRN-KRN} Nf4+ 47. Kf2 {[%emt 0:02:25] [#]} e3+ $1 48. Kxe3 Rxg3+ 49. Kd2 {[%emt 0:00:41] [#]} h5 $1 ({Weaker is} 49... Rxa3 50. Rh6 $17) 50. Rh6 Rxa3 51. Ke1 $2 (51. Rh8) 51... Rc3 52. Na4 Rc4 53. Nb2 Rb4 54. Nd1 a4 55. Ra6 (55. Kd2 $142) 55... h4 56. Kf2 Nd5 57. Ra5 Ke4 {[%emt 0:00:22] Strongly threatening ...Rd4.} 58. Ra8 h3 59. Kg3 Rb3+ 60. Kh2 Nb6 61. Re8+ Kd4 {[%emt 0:00:12] ...a3 is the strong threat.} 62. Rd8+ Kc4 63. Re8 a3 {[%emt 0:00:19] aiming for ...a2.} 64. Re2 Nd5 {[%emt 0:00:38] Threatens to win with ...Nc3.} 65. Rc2+ Kb4 {[%emt 0:00:47] ( -> ...Ne3)} 66. Rd2 Ne3 {[%emt 0:00:39] Weighted Error Value: White=0.35/Black=0.09 (flawless)} 0-1

[Event "44th Chess Olympiad Open 2022"]
[Site "Chennai"]
[Date "2022.08.08"]
[Round "10.43"]
[White "Kaloust, Giorgio"]
[Black "Hernandez Guerrero, Gilberto"]
[Result "0-1"]
[ECO "E69"]
[WhiteElo "1942"]
[BlackElo "2560"]
[Annotator "TA"]
[PlyCount "104"]
[EventDate "2022.07.29"]
[EventType "team-tourn"]
[EventCountry "IND"]
[SourceTitle "playchess.com"]
[Source "ChessBase"]
[SourceQuality "1"]
[WhiteTeam "Lebanon"]
[BlackTeam "Mexico"]
[WhiteTeamCountry "LBN"]
[BlackTeamCountry "MEX"]
[TimeControl "40/5400+30:1800+30"]

1. d4 Nf6 2. c4 g6 3. Nf3 Bg7 4. g3 O-O 5. Bg2 d6 6. O-O Nbd7 7. Nc3 e5 8. e4 c6 9. h3 Qb6 10. dxe5 dxe5 11. Qe2 Qb4 $5 {[%emt 0:05:21][%mdl 4] An interesting side line. E69: King's Indian: Fianchetto: 6...Nbd7 7 0-0 e5 8 e4 c6 9 h3.} 12. Be3 Qe7 {[%emt 0:00:39] [#]} 13. Nd2 $146 ({Predecessor:} 13. Qc2 Ne8 14. Rad1 Nc7 15. Rfe1 Ne6 16. a3 f5 17. exf5 gxf5 18. Nh4 e4 19. f4 Ndc5 20. Bf1 a5 21. Qf2 Nb3 22. Na4 {½-½ (22) Szekely,P (2455)-Iuldachev,S (2555) Dhaka 1997}) 13... Nc5 {[%emt 0:07:06] The position is equal.} 14. Rfd1 Nfd7 15. Nb3 Ne6 16. Rd3 Ndc5 17. Nxc5 Nxc5 18. Rd2 Re8 19. Rad1 a5 20. b3 Rb8 21. Bxc5 Qxc5 22. Rd8 Be6 23. Rxb8 Rxb8 24. Na4 Qb4 25. Qd2 Bf8 26. Qxb4 (26. Qb2 $15) 26... Bxb4 27. c5 Kf8 28. Kf1 Ke7 29. Ke2 f5 30. f3 Rf8 31. Rf1 h5 32. Rd1 Ba3 33. Rf1 {[%emt 0:00:43] [#]} (33. Bf1 $142) 33... Bb4 {[%emt 0:10:54] This bishop pair is nice.} (33... h4 $142 $1 34. g4 Rd8) 34. Rd1 $17 g5 35. Rf1 ({White should play} 35. Ra1) 35... Rd8 36. Rd1 {[%emt 0:00:27] Prevents Rd2+.} Rg8 (36... fxe4 $142 37. fxe4 Rd4 38. Rxd4 exd4) 37. Rh1 Rd8 {[%emt 0:00:55] [#] ...Rd2+ is the strong threat.} 38. Rd1 {[%emt 0:00:01] Prevents Rd2+.} Rxd1 (38... fxe4 $142 39. fxe4 Rd4 40. Rxd4 exd4) 39. Kxd1 {[%emt 0:00:05][%mdl 4096] Endgame KBB-KBN} g4 40. fxg4 hxg4 {[%emt 0:00:49] Strongly threatening ...f4.} ({Not} 40... fxg4 41. h4 $15) 41. hxg4 fxe4 ({Weaker is} 41... fxg4 42. Bf1 $15) ({Better is} 41... f4 $17 42. Ke2 Bxg4+ 43. Bf3 Be6) 42. Bxe4 $15 Bxg4+ 43. Kc2 Ke6 44. Kd3 Be1 45. Nb6 Bxg3 46. Kd2 (46. Nc4 $11 {remains equal.}) 46... Bf2 $17 47. Na4 (47. Nc4 $17) 47... Bd4 48. a3 (48. Kd3 $142) 48... Kf6 $19 49. b4 axb4 50. axb4 Kg5 51. Nb6 (51. Bd3 {was called for.}) 51... Kf4 52. Kd3 Bh3 {[%emt 0:00:34] Weighted Error Value: White=0.26 (precise) /Black=0.17 (very precise)} 0-1

[Event "44th Chess Olympiad Open 2022"]
[Site "Chennai"]
[Date "2022.08.08"]
[Round "10.52"]
[White "Darmanin, Jake"]
[Black "Ziska, Helgi Dam"]
[Result "0-1"]
[ECO "B50"]
[WhiteElo "2101"]
[BlackElo "2549"]
[Annotator "TA"]
[PlyCount "84"]
[EventDate "2022.07.29"]
[EventType "team-tourn"]
[EventCountry "IND"]
[SourceTitle "playchess.com"]
[Source "ChessBase"]
[SourceQuality "1"]
[WhiteTeam "Malta"]
[BlackTeam "Faroe Islands"]
[WhiteTeamCountry "MLT"]
[BlackTeamCountry "FAI"]
[TimeControl "40/5400+30:1800+30"]

1. e4 c5 2. Nf3 d6 3. c3 Nf6 4. h3 g6 5. Bd3 Bg7 6. O-O O-O 7. Bc2 e5 8. d4 exd4 9. cxd4 Nc6 10. Nc3 cxd4 11. Nxd4 d5 12. Nxc6 bxc6 13. exd5 {[%emt 0:03:51] B50: Sicilian: 2...d6, Miscellaneous.} Nxd5 14. Nxd5 cxd5 15. Rb1 {[%emt 0:08:27] [#] The position is equal.} Rb8 $146 ({Predecessor:} 15... Bb7 16. Qf3 Rc8 17. Bd3 Qe7 18. Bf4 Rfe8 19. Bb5 Red8 20. Qg3 Qb4 21. Bd3 Re8 {0-1 (48) Makarov,M (2512)-Sjugirov,S (2635) St Petersburg 2013}) 16. b4 Ba6 17. Bd3 Bc4 18. Bxc4 dxc4 19. Qc2 c3 20. Be3 Qh4 21. b5 $1 Qc4 $36 {[%emt 0:02:23][%mdl 2048] Black has good play.} 22. a4 Rb7 23. Rfd1 Re8 24. Rd3 h5 25. Rbd1 Re4 26. Ra1 (26. Rd8+ $15 Kh7 27. R1d7 Rxd7 28. Rxd7) 26... Kh7 $17 27. Rd6 Rbe7 ({Black should try} 27... Rc7 $17 28. a5 {[#]} Rxe3 $1 29. fxe3 Qxb5) 28. Rc6 $15 Qb4 29. Ra6 $2 (29. Qd3 $1 $15) 29... Bd4 (29... Rxe3 $142 30. fxe3 Rxe3) 30. Rb1 Qc5 31. Rc6 Qf5 (31... Qd5 $19 32. Rxc3 (32. Rd1 $2 Rxe3 33. fxe3 Rxe3 $19) 32... Bxc3 33. Qxc3 Rxa4) 32. Rf1 Bg7 33. Bc5 (33. Qb3 $11 {keeps the balance.}) 33... Rd7 $17 {[%emt 0:01:12] Black is more active.} 34. f3 $2 (34. Be3 $17) 34... Rc4 $19 35. Qxf5 gxf5 36. Be3 Rxa4 {[%emt 0:07:07] Hoping for ...f4.} 37. Rc1 Rd5 {[%emt 0:07:36] [#] Strongly threatening ...f4.} 38. b6 $2 ({Much worse is} 38. Rc7 Rxb5 39. Rxf7 Rc4 40. Rxa7 f4 41. Bxf4 Rxf4) (38. Kf1) 38... axb6 {[%emt 0:00:14] Black is clearly winning.} 39. Rxb6 Rd3 40. Bf2 Ra2 41. Rc6 Rdd2 42. Be3 Rxg2+ {[%emt 0:00:59] Weighted Error Value: White=0.67/Black=0.33} 0-1

[Event "44th Chess Olympiad Open 2022"]
[Site "Chennai"]
[Date "2022.08.08"]
[Round "10.63"]
[White "Rakotomaharo, Fy Antenaina"]
[Black "Hasford, John Kojo"]
[Result "1-0"]
[ECO "B08"]
[WhiteElo "2490"]
[BlackElo "1976"]
[Annotator "TA"]
[PlyCount "65"]
[EventDate "2022.07.29"]
[EventType "team-tourn"]
[EventCountry "IND"]
[SourceTitle "playchess.com"]
[Source "ChessBase"]
[SourceQuality "1"]
[WhiteTeam "Madagascar"]
[BlackTeam "Ghana"]
[WhiteTeamCountry "MAD"]
[BlackTeamCountry "GHA"]
[TimeControl "40/5400+30:1800+30"]

1. e4 g6 2. d4 d6 3. Nc3 Bg7 4. Be3 Nf6 5. Nf3 a6 6. a4 {[%emt 0:00:27] Against b5. B08: Pirc Defence: Classical System.} Nc6 7. Bc4 O-O 8. O-O {[%emt 0:00:41] White is slightly better.} e5 9. dxe5 Nxe5 10. Nxe5 dxe5 {[%emt 0:00:06] [#]} 11. a5 $146 ({Predecessor:} 11. Bc5 Re8 12. Qe2 Nh5 13. Nd5 Nf4 14. Qf3 Ne6 15. Be3 Nd4 16. Qd1 c6 17. Nb4 Qh4 18. c3 Nf5 19. Bxf7+ Kxf7 20. exf5 Bxf5 21. Qb3+ Be6 22. Qc2 {½-½ (22) Kundrik,P (2260)-Bezuch,M (2210) Slovakia 2012}) 11... Qe7 12. Qe2 Be6 13. Ra3 Rad8 14. Rb3 Bc8 15. f3 c6 16. Bb6 ({White should try} 16. Na4 $16) 16... Rde8 ({Black should play} 16... Bh6 $14) 17. Na4 (17. Rd1 $142) 17... Nd7 $16 18. Be3 {[%emt 0:00:05] 0x0.0024d747ae06dp-1022s more active pieces.} Kh8 (18... Rd8 $16 {keeps fighting.}) 19. Rd1 $18 f5 20. Rbd3 fxe4 21. fxe4 {[%emt 0:01:02][%cal Od3d7] And now Rxd7! would win.} Qb4 {[%emt 0:02:00] [#]} 22. b3 ({Worse is} 22. Rxd7 Bxd7 23. Rxd7 (23. Bc5 Qxa4 24. Bxf8 Rxf8 $17) 23... Qxa4 $15) 22... Qxa5 $2 (22... Nf6 23. c3 Qe7) 23. Rxd7 Bxd7 24. Rxd7 b5 (24... Rd8 $142) 25. Bd2 {[%emt 0:00:25] A strong pair of Bishops.} b4 26. Be3 Rb8 27. Ba7 Rb5 28. Qd2 Rf6 29. Rd8+ (29. Be3 $142 Rd5 30. exd5 c5 31. Bh6 Bf8 32. Bxf8 Qxa4 33. bxa4 Kg8 34. d6+ Rf7 35. Bxf7+ Kh8 36. Qh6 e4 37. Qg7#) 29... Rf8 30. Rxf8+ Bxf8 31. Qd7 {[%emt 0:00:06] Prevents Rb7. White mates.} Bc5+ 32. Bxc5 Rxc5 33. Qe7 {[%emt 0:00:04] Weighted Error Value: White=0.08 (flawless) /Black=0.78} 1-0

[Event "44th Chess Olympiad Open 2022"]
[Site "Chennai"]
[Date "2022.08.08"]
[Round "10.66"]
[White "Al-Hajiri, Bader"]
[Black "Ortega Amarelle, Mariano"]
[Result "0-1"]
[ECO "D30"]
[WhiteElo "2011"]
[BlackElo "2463"]
[Annotator "TA"]
[PlyCount "106"]
[EventDate "2022.07.29"]
[EventType "team-tourn"]
[EventCountry "IND"]
[SourceTitle "playchess.com"]
[Source "ChessBase"]
[SourceQuality "1"]
[WhiteTeam "Kuwait"]
[BlackTeam "CPV"]
[WhiteTeamCountry "KUW"]
[TimeControl "40/5400+30:1800+30"]

1. d4 Nf6 2. c4 e6 3. Nf3 d5 4. Bg5 dxc4 5. Qa4+ Nbd7 6. Nc3 {[%emt 0:02:59] D30: Queen's Gambit Declined: Systems without Nc3.} Be7 7. e3 O-O 8. Qxc4 {[%emt 0:00:07] The position is equal.} a6 9. Be2 b5 10. Qb3 c5 11. O-O h6 12. Bh4 {[%emt 0:02:38] [#]} c4 $146 ({Predecessor:} 12... Bb7 13. Rfd1 Nd5 14. Bg3 Qb6 15. a4 c4 16. Qc2 N7f6 17. Ne5 Rac8 18. Bh4 Rfd8 {1-0 (42) Dreev,A (2623)-Van Foreest,L (2530) Warsaw 2021}) 13. Qc2 Bb7 14. Rfd1 Nd5 15. Bg3 N7f6 16. Nd2 Rc8 17. a3 Nb6 18. Bf3 Qd7 19. Nde4 Nxe4 20. Nxe4 {[%emt 0:01:39][%cal Oe4c5] Hoping for Nc5!} Bd5 21. Nc5 Qa7 22. e4 Ba8 23. b4 (23. a4 $1 $11 Bxc5 24. axb5 (24. dxc5 Nxa4 25. Bd6 Nxc5 $15)) 23... cxb3 $1 $17 24. Qxb3 Nc4 25. a4 Bxc5 26. dxc5 Qxc5 27. axb5 axb5 28. Rab1 Bc6 29. e5 $2 {[%emt 0:05:36] Loses the game.} (29. Qb4 $17 {keeps fighting.} Qxb4 30. Rxb4) 29... Bxf3 $19 (29... Nxe5 30. Bxc6 Rxc6 31. Qxb5 Qxb5 32. Rxb5 $17) 30. Qxf3 Rfd8 {[%emt 0:02:02] Strongly threatening ...Nd2.} (30... Nxe5 31. Qh5 f6 32. Qe2) 31. Rxd8+ Rxd8 32. h3 $2 (32. Bf4) 32... Nd2 33. Qd1 Rd4 {[%emt 0:00:42] Inhibits Bf4.} 34. Ra1 (34. Qc1 Qxc1+ 35. Rxc1) 34... Qd5 {[%emt 0:02:12] White must now prevent ...Nb3.} 35. Qc2 Rc4 {[%emt 0:01:33] Prevents Qc8+.} 36. Qb2 b4 37. Ra4 {[%emt 0:05:22] [#]} Qd4 $2 (37... Nf3+ $1 38. gxf3 Qd1+ 39. Kg2 Qxa4) 38. Qxd4 Rxd4 {[%emt 0:00:04][%mdl 4096] Endgame KRB-KRN} 39. f3 Rc4 40. Be1 {[%emt 0:01:07] [#]} b3 $1 41. Ra8+ Kh7 42. Rb8 Rc1 43. Kf2 {[%emt 0:00:52] [#]} Rc2 44. Bxd2 (44. Ke3 $142 Nf1+ 45. Kd3) 44... Rxd2+ {[%emt 0:00:10] KR-KR} 45. Kg3 b2 46. f4 h5 47. Kf3 {[%emt 0:00:00] [#]} h4 $1 48. g4 $2 (48. Rb7 {was called for.}) 48... Rh2 {[%emt 0:07:27] Black is clearly winning.} ({Weaker is} 48... hxg3 49. Kxg3 Kg6 50. Kg4 $17) 49. Ke4 Kg6 50. Rb6 Rxh3 {[%emt 0:00:00] ...Rh2 is the strong threat.} 51. Rxb2 Rg3 52. g5 (52. Rb8 $142 Kh7 53. Rb7) 52... h3 53. f5+ Kxg5 {[%emt 0:00:00] Weighted Error Value: White=0.70/Black=0.22 (precise)} 0-1